 Dungeon Crawl Stone Soup version 0.20-a0-876-g2c7b0bf (webtiles) character file.

16354 Kurtz the Brawler (level 12, -31/107 HPs)
             Began as a Troll Chaos Knight on Mar 15, 2017.
             Killed from afar by a frost giant (49 damage)
             ... with a bolt of cold
             ... in an ice cave.
             The game lasted 00:28:51 (11678 turns).

Kurtz the Brawler (Troll Chaos Knight)             Turns: 11678, Time: 00:28:52

Health: -31/107    AC: 11    Str: 25      XL:     12   Next: 9%
Magic:  13/15      EV: 12    Int:  8      God:    Xom [...*..]
Gold:   355        SH:  0    Dex: 11 (13) Spells: 10/17 levels left

rFire    + . .     SeeInvis .     - Unarmed
rCold    . . .     Gourm    +   a - +2 robe
rNeg     . . .     Faith    +   (no shield)
rPois    .         Spirit   .   (helmet restricted)
rElec    .         Reflect  .   S - +1 cloak
rCorr    .         Harm     .   (gloves unavailable)
MR       .....                  (boots unavailable)
Stlth    +.........             A - amulet of faith
Regen    0.7/turn               F - +2 ring of slaying
MPRegen  0.2/turn               g - ring of protection from fire

@: confusing touch (expiring), appendage
A: unfitting armour, claws 3, horns 1, talons 3, yellow scales 1, blurry vision
1, fast metabolism 3, gourmand, regeneration 1, shaggy fur 1, strong 1, tough
skin 2
a: End Transformation, Renounce Religion


You were in an ice cave.
You worshipped Xom.
You were a favourite toy of Xom.
You were full.
You had grown temporary talons.
You visited 1 branch of the dungeon, and saw 12 of its levels.
You also visited: Ice Cave.

You collected 586 gold pieces.
You spent 231 gold pieces at shops.

Inventory:

Hand Weapons
 U - a +0 blowgun
Missiles
 k - 10 javelins
 w - 20 tomahawks
 Q - 3 large rocks (quivered)
 V - 42 poisoned needles
Armour
 a - a +2 robe (worn)
 S - a +1 cloak (worn)
Jewellery
 g - a ring of protection from fire (left claw)
 A - an amulet of faith (around neck)
 F - a +2 ring of slaying (right claw)
 H - an uncursed ring of see invisible
Wands
 u - a wand of paralysis (7/24)
 C - a wand of digging (2/24)
 E - a wand of enslavement (7/24)
 O - a wand of clouds (0/9)
 R - a wand of paralysis (14/24)
 W - a wand of disintegration (12/24)
 X - a wand of iceblast (8/15)
Scrolls
 d - a scroll of magic mapping
 f - 3 scrolls of fog
 h - a scroll of immolation {unknown}
 j - 9 scrolls of remove curse
 o - a scroll of enchant armour
 x - 2 scrolls of recharging
 D - a scroll of blinking {unknown}
 G - a scroll of noise {unknown}
 N - a scroll of acquirement {unknown}
 T - a scroll of enchant weapon {unknown}
Potions
 e - a potion of heal wounds
 i - a potion of curing
 l - 3 potions of cancellation
 m - 2 potions of agility
 n - 3 potions of brilliance
 q - 7 potions of flight
 r - 2 potions of resistance
 z - 2 potions of invisibility
 I - a potion of berserk rage {unknown}
 L - 2 potions of might {unknown}
 P - a potion of magic {unknown}
Books
 p - a book of Callings

   Spells                             Type                      Level
   a - Summon Small Mammal            Summoning                    1
   b - Call Imp                       Summoning                    2
   c - Call Canine Familiar           Summoning                    3
   d - Summon Guardian Golem          Hexes/Summoning              3
   e - Summon Lightning Spire         Summoning/Air                4
   f - Summon Ice Beast               Ice/Summoning                4
 y - a book of Changes

   Spells                             Type                      Level
   a - Beastly Appendage              Transmutation                1
   b - Sticks to Snakes               Transmutation                2
   c - Spider Form                    Transmutation/Poison         3
   d - Ice Form                       Ice/Transmutation            4
   e - Blade Hands                    Transmutation                5
 K - a book of Maledictions

   Spells                             Type                      Level
   a - Corona                         Hexes                        1
   b - Ensorcelled Hibernation        Hexes/Ice                    2
   c - Confuse                        Hexes                        3
   d - Tukima's Dance                 Hexes                        3
   e - Dazzling Spray                 Conjuration/Hexes            3
 M - a book of Misfortune

   Spells                             Type                      Level
   a - Confusing Touch                Hexes                        1
   b - Confuse                        Hexes                        3
   c - Gell's Gravitas                Translocation                3
   d - Petrify                        Transmutation/Earth          4
   e - Metabolic Englaciation         Hexes/Ice                    5
   f - Yara's Violent Unravelling     Hexes/Transmutation          5
Comestibles
 b - 14 bread rations
 c - 11 meat rations
 s - 4 royal jellies
 v - 4 fruits


   Skills:
 + Level 3.8 Fighting
 + Level 5.3 Dodging
 * Level 15.4 Unarmed Combat
 + Level 3.1 Spellcasting
 * Level 3.6 Hexes
 * Level 4.4 Transmutations


You had 10 spell levels left.
You knew the following spells:

 Your Spells              Type           Power        Failure   Level  Hunger
a - Beastly Appendage     Tmut           #.....       6%          1    ##.....
b - Blade Hands           Tmut           #.........   98%         5    ######.
c - Confusing Touch       Hex            #.....       10%         1    ##.....


Dungeon Overview and Level Annotations

Branches:
Dungeon (12/15)            Temple (0/1) D:7            Lair (0/6) D:10
    Orc (0/2) D:10

Altars:
Dithmenos
Trog
Xom
Zin

Shops:
D:5 =   D:6 ?   D:8 :

Annotations:
IceCv filfer's ghost, novice FeMo


Innate Abilities, Weirdness & Mutations

You are too large for most types of armour.
You have claws for hands.
Your metabolism is lightning-fast.
You like to eat raw meat.
Your natural rate of healing is unusually fast.
You are covered in fur. (AC +1)
You have very tough skin. (AC +2)
You have a pair of small horns on your head.
You have claws for feet.
You are partially covered in yellow scales. (AC +2)
Scrolls take you a little longer to read.
Your muscles are strong. (Str +2)


Message History

Your battleaxe of freezing hits the frost giant!
Your battleaxe of freezing hits the polar bear!
The frost giant is engulfed in poison gas.
The frost giant looks as sick as possible!
The frost giant hits you!!
* * * LOW HITPOINT WARNING * * *
The polar bear is engulfed in poison gas.
The polar bear looks even sicker.
You kill the polar bear!
You scratch the frost giant but do no damage.
You claw the frost giant, but do no damage.
The frost giant is heavily wounded.
Your battleaxe of freezing hits the frost giant!!
Your battleaxe of freezing freezes the frost giant.
The frost giant is engulfed in poison gas.
The frost giant looks as sick as possible!
The frost giant points at you and mumbles some strange words.
The bolt of cold hits you!
You die...
Xom cackles wildly!

######## ##### ##......####
####...###
####....#.....####†§††#.h.#* *
##....#######.bbb#§§§####Y.Y.....
...####* ###.@C(###**#YY..h...
.### ≈ ≈ * ###### **,...W...##
##*** *≈≈ ≈≈** ** ** ,......##,
*** ≈≈≈ ≈≈ ≈≈ * *,,......##,
≈≈≈≈≈≈≈≈ ≈≈≈≈ ≈ ** * ,......# , *
≈≈≈≈ ≈≈≈≈≈≈ *≈≈≈≈* ##.....#*,,
###*≈≈≈≈≈≈****** **≈ ≈≈* , , **
..###*≈≈≈** ** ≈ ≈** , ,,
#...##**≈* * ≈≈≈ **,,,,


You could see a frost giant and a friendly battleaxe of freezing.

Vanquished Creatures
  A two-headed ogre (D:9)
  3 skeletal warriors
  An unseen horror (D:9)
  A cyclops (D:11)
  Maurice (D:10)
  2 ice statues (IceCv)
  2 gargoyles
  The ghost of Kashmaster1 the Poker, a novice MfGl (D:4)
  11 polar bears (IceCv)
  2 trolls
  2 hippogriffs
  A hornet (D:8)
  A slime creature (D:11)
  A spriggan (D:9)
  2 wyverns
  16 yaks
  A basilisk (D:11)
  Grum (D:8)
  An acid dragon (D:12)
  A water moccasin (D:11)
  3 sky beasts
  5 orc warriors
  A black bear (D:10)
  3 slaves (D:6)
  3 ice beasts
  2 necrophages
  A phantom (D:10)
  11 wolves
  2 centaurs
  3 ogres
  A big kobold (D:11)
  3 bullfrogs
  A wyvern zombie (D:9)
  A water moccasin skeleton (D:10)
  4 scorpions
  6 killer bees
  4 wights (D:12)
  4 howler monkeys
  4 crimson imps
  A bullfrog zombie (D:8)
  A centaur zombie (D:5)
  9 hounds
  3 jellies
  A centaur skeleton (D:11)
  2 orc priests (D:11)
  Jessica (D:2)
  Ijyb (D:3)
  2 iguanas
  10 orc wizards
  8 worker ants
  2 killer bee zombies
  A hound skeleton (D:6)
  5 gnolls
  9 adders
  A howler monkey skeleton (D:4)
  2 shadow imps
  12 white imps (D:12)
  An ooze (D:4)
  An adder skeleton (D:3)
  A worm (D:3)
  A dart slug (D:1)
  8 leopard geckos
  37 orcs
  6 giant cockroaches
  10 goblins
  10 hobgoblins
  9 jackals
  6 quokkas
  2 ball pythons (D:3)
  7 bats
  3 frilled lizards
  2 jackal zombies (D:5)
  10 kobolds
  A leopard gecko skeleton (D:6)
  A quokka zombie (D:5)
  8 rats
  A fire vortex (D:7)
  2 plants (D:10)
312 creatures vanquished.

Vanquished Creatures (collateral kills)
  4 yaks
  2 orc warriors
  2 hounds (D:7)
  A jelly (D:7)
  An orc wizard (D:11)
  4 orcs (D:7)
14 creatures vanquished.

Grand Total: 326 creatures vanquished

Notes
Turn   | Place    | Note
-------+----------+-------------------------------------------
     0 | D:1      | Kurtz the Troll Chaos Knight began the quest for the Orb.
     0 | D:1      | Reached XP level 1. HP: 22/22 MP: 0/0
   240 | D:1      | XOM: potion effect (haste)
   245 | D:1      | Reached XP level 2. HP: 29/29 MP: 1/1
   508 | D:1      | Reached skill level 4 in Unarmed Combat
   603 | D:1      | XOM: god gift: leather armour {god gift}
   611 | D:1      | Reached XP level 3. HP: 33/36 MP: 2/2
   811 | D:1      | XOM: harmless Summ miscast
   896 | D:1      | XOM: noise
   930 | D:1      | XOM: give mutations
   930 | D:1      | Gained mutation: Your body sometimes deteriorates upon taking damage. [Xom's mischief]
   930 | D:1      | Gained mutation: You are clumsy. (Dex -2) [Xom's mischief]
   969 | D:2      | XOM: draining
  1081 | D:2      | XOM: summons 1 hostile demon
  1209 | D:2      | XOM: harmless Chrm miscast
  1302 | D:2      | XOM: 4-stop teleportation journey
  1451 | D:2      | Noticed Jessica
  1456 | D:2      | Killed Jessica
  1456 | D:2      | Reached skill level 5 in Unarmed Combat
  1456 | D:2      | Reached XP level 4. HP: 44/44 MP: 3/3
  1635 | D:2      | XOM is BORED!
  2056 | D:3      | XOM: medium Ice miscast
  2088 | D:3      | Reached XP level 5. HP: 35/50 MP: 4/4
  2190 | D:3      | Noticed Ijyb
  2192 | D:3      | XOM: repel stairs
  2202 | D:3      | Killed Ijyb
  2202 | D:3      | Reached skill level 6 in Unarmed Combat
  2237 | D:3      | XOM: 3-stop teleportation journey
  2244 | D:3      | XOM: summons 2 hostile demons
  2516 | D:3      | XOM: harmless Summ miscast
  2605 | D:3      | Found a shadowy altar of Dithmenos.
  2665 | D:3      | XOM is BORED!
  2665 | D:3      | XOM: medium Hex miscast
  2749 | D:3      | XOM: harmless Tloc miscast
  2858 | D:4      | XOM: repel stairs
  2861 | D:4      | Reached XP level 6. HP: 56/59 MP: 5/5
  2897 | D:4      | Found a bloodstained altar of Trog.
  2937 | D:4      | Noticed Kashmaster1's ghost (novice MfGl)
  2960 | D:4      | Killed Kashmaster1's ghost
  2960 | D:4      | Reached skill level 8 in Unarmed Combat
  2960 | D:4      | Reached XP level 7. HP: 14/66 MP: 6/6
  2982 | D:4      | XOM: noise
  3628 | D:5      | Entered Level 5 of the Dungeon
  3628 | D:5      | Found a glowing silver altar of Zin.
  3663 | D:4      | XOM: medium Necr miscast
  3814 | D:5      | XOM: divination: magic mapping
  3816 | D:5      | Reached skill level 9 in Unarmed Combat
  4038 | D:5      | Found Paxof's Jewellery Shoppe.
  4044 | D:5      | Bought a +2 ring of slaying for 231 gold pieces
  4060 | D:5      | XOM: 2-stop teleportation journey
  4067 | D:5      | XOM: divination: detect items
  4079 | D:5      | Reached XP level 8. HP: 54/74 MP: 7/7
  4244 | D:5      | XOM: cloud trail
  4388 | D:6      | XOM: harmless Erth miscast
  4392 | D:6      | Reached skill level 10 in Unarmed Combat
  4394 | D:6      | XOM: enchant monster (good)
  4396 | D:6      | Lost mutation: You are clumsy. (Dex -2) [mutagenic meat]
  4416 | D:6      | Noticed Pikel
  4416 | D:6      | XOM: divination: detect items
  4419 | D:6      | Noticed Pikel
  4419 | D:6      | Pikel changed into Pikel the ogre
  4419 | D:6      | XOM: polymorph Pikel -> Pikel the ogre
  4420 | D:6      | XOM: summons friendly white imp
  4427 | D:6      | XOM: cleaving
  4435 | D:6      | XOM: enchant monster (bad)
  4464 | D:6      | XOM: polymorph slave -> sky beast
  4474 | D:6      | XOM: summons 2 friendly demons
  4926 | D:6      | XOM: divination: magic mapping
  5114 | D:6      | Reached skill level 11 in Unarmed Combat
  5132 | D:6      | XOM: scenery: 2 doors close
  5136 | D:6      | Found Osuvom's Magic Scroll Shop.
  5396 | D:6      | XOM: give mutation
  5396 | D:6      | Gained mutation: You have a pair of small horns on your head. [Xom's grace]
  5470 | D:7      | XOM: noise
  5481 | D:7      | XOM: summons 2 friendly demons
  5568 | D:7      | XOM: mild Fire miscast
  5611 | D:7      | XOM: 8-stop teleportation journey
  5707 | D:7      | Learned a level 1 spell: Beastly Appendage
  5713 | D:7      | Learned a level 5 spell: Blade Hands
  5741 | D:7      | XOM: cast spell 'Monstrous Menagerie'
  5744 | D:7      | Reached XP level 9. HP: 80/80 MP: 6/8
  5771 | D:7      | Killed Pikel the ogre
  5791 | D:7      | Found a staircase to the Ecumenical Temple.
  5866 | D:7      | XOM: give mutation
  5866 | D:7      | Gained mutation: You are partially covered in yellow scales. (AC +2) [Xom's grace]
  5942 | D:7      | XOM: harmless Ice miscast
  5999 | D:7      | XOM: medium Tmut miscast
  6025 | D:7      | Gained mutation: You are weak. (Str -2) [mutagenic glow]
  6072 | D:8      | Gained mutation: Armour fits poorly on your strangely shaped body. [mutagenic glow]
  6074 | D:8      | Reached skill level 1 in Transmutations
  6074 | D:8      | XOM: potion effect (brilliance)
  6128 | D:8      | Noticed Grum
  6136 | D:8      | Killed Grum
  6147 | D:8      | Learned a level 1 spell: Confusing Touch
  6176 | D:8      | Found Ykocwibu's Book Boutique.
  6197 | D:8      | XOM: summons 6 friendly demons
  6201 | D:8      | Reached skill level 12 in Unarmed Combat
  6379 | D:8      | XOM: 2-stop teleportation journey
  6474 | D:8      | XOM: give mutation
  6474 | D:8      | Gained mutation: You possess an exceptional clarity of mind. [Xom's grace]
  6501 | D:8      | Reached skill level 1 in Spellcasting
  6591 | D:8      | XOM: scenery: create altars
  6811 | D:8      | XOM: scenery: create altars
  6883 | D:9      | XOM: 2-stop teleportation journey
  7053 | D:9      | XOM: fog
  7063 | D:9      | XOM: summons 5 friendly demons
  7064 | D:9      | Reached skill level 1 in Hexes
  7091 | D:9      | XOM: cleaving
  7096 | D:9      | XOM: summons friendly white imp
  7098 | D:9      | XOM: summons friendly iron imp
  7104 | D:9      | Reached XP level 10. HP: 73/91 MP: 9/11
  7196 | D:9      | XOM: divination: magic mapping
  7202 | D:9      | XOM: enchant monster (good)
  7214 | D:9      | Reached skill level 13 in Unarmed Combat
  7706 | D:9      | XOM: cast spell 'Alistair's Intoxication'
  7707 | D:9      | XOM: enchant monster (good)
  7743 | D:9      | Noticed a two-headed ogre
  7743 | D:9      | XOM: cleaving
  7748 | D:9      | XOM: divine lightning
  7749 | D:9      | Killed a two-headed ogre
  7771 | D:9      | XOM: divine lightning
  7864 | D:8      | XOM: mild Conj miscast
  7916 | D:6      | XOM is BORED!
  7970 | D:10     | Entered Level 10 of the Dungeon
  8027 | D:9      | XOM: give mutations
  8027 | D:9      | Lost mutation: You are weak. (Str -2) [Xom's grace]
  8027 | D:9      | Gained mutation: Your movements are slightly less encumbered by armour. (ER -2) [Xom's grace]
  8027 | D:9      | Gained mutation: You are agile. (Dex +2) [Xom's grace]
  8027 | D:9      | Gained mutation: You have a pair of horns on your head. [Xom's grace]
  8060 | D:10     | Noticed an unseen horror
  8065 | D:9      | XOM: cast spell 'Necromutation'
  8093 | D:9      | Killed an unseen horror
  8192 | D:10     | XOM: 9-stop teleportation journey
  8195 | D:10     | Found a staircase to the Lair.
  8228 | D:10     | XOM: 5-stop teleportation journey
  8229 | D:10     | Noticed Maurice
  8243 | D:10     | Killed Maurice
  8268 | D:10     | Noticed a gargoyle
  8275 | D:10     | XOM: noise
  8278 | D:10     | Killed a gargoyle
  8343 | D:10     | Lost mutation: You are agile. (Dex +2) [potion of mutation]
  8343 | D:10     | Lost mutation: Your movements are slightly less encumbered by armour. (ER -2) [potion of mutation]
  8343 | D:10     | Lost mutation: Armour fits poorly on your strangely shaped body. [potion of mutation]
  8343 | D:10     | Lost mutation: You have a pair of horns on your head. [potion of mutation]
  8343 | D:10     | Gained mutation: Your muscles are strong. (Str +2) [potion of mutation]
  8353 | D:10     | Reached XP level 11. HP: 97/97 MP: 13/13
  8417 | D:10     | XOM: harmless Summ miscast
  8555 | D:10     | Found a staircase to the Orcish Mines.
  8694 | D:10     | XOM: give mutations
  8694 | D:10     | Gained mutation: You have supernaturally acute eyesight. (SInv) [Xom's mischief]
  8694 | D:10     | Lost mutation: You possess an exceptional clarity of mind. [Xom's mischief]
  8694 | D:10     | Lost mutation: Your body sometimes deteriorates upon taking damage. [Xom's mischief]
  8694 | D:10     | Lost mutation: You have supernaturally acute eyesight. (SInv) [Xom's mischief]
  8694 | D:10     | Gained mutation: Scrolls take you a little longer to read. [Xom's mischief]
  8799 | D:11     | Noticed a death knight
  8803 | D:11     | XOM: harmless Conj miscast
  8804 | D:11     | a death knight changed into a slime creature
  8804 | D:11     | XOM: polymorph death knight -> slime creature
  8807 | D:11     | Reached skill level 14 in Unarmed Combat
  9145 | D:11     | XOM: confusion
  9163 | D:11     | XOM: confusion
  9334 | D:11     | XOM: 4-stop teleportation journey
  9590 | D:11     | XOM: medium Necr miscast
  9774 | D:11     | Noticed a skeletal warrior
  9784 | D:11     | Noticed a skeletal warrior
  9785 | D:11     | Killed a skeletal warrior
  9787 | D:11     | Noticed a skeletal warrior
  9791 | D:11     | Noticed a skeletal warrior
  9816 | D:11     | XOM: summons 3 hostile shadow creatures
  9817 | D:11     | Noticed a cyan ugly thing
  9817 | D:11     | XOM: smoke on damage
  9822 | D:11     | XOM: summons friendly quasit
  9830 | D:11     | XOM: mild Hex miscast
  9834 | D:10     | XOM: confusion (+ monsters)
  9837 | D:10     | XOM: summons 2 friendly demons
  9839 | D:10     | XOM: summons friendly ufetubus
  9845 | D:10     | XOM: cast spell 'Death Channel'
  9855 | D:10     | Killed a skeletal warrior
 10004 | D:12     | XOM: noise
 10051 | D:11     | Killed a skeletal warrior
 10066 | D:11     | XOM: mild Fire miscast
 10117 | D:12     | XOM: confuse monster(s)
 10158 | D:12     | XOM: harmless Tmut miscast
 10166 | D:12     | Found a frozen archway.
 10172 | D:12     | XOM: harmless Tloc miscast
 10196 | IceCv    | Entered an ice cave
 10227 | IceCv    | XOM: harmless Tmut miscast
 10282 | IceCv    | XOM: enchant monster (good)
 10296 | IceCv    | XOM: confuse monster(s)
 10297 | IceCv    | XOM: summons friendly white imp
 10298 | IceCv    | XOM: cast spell 'Dispersal'
 10337 | IceCv    | Reached skill level 5 in Dodging
 10548 | IceCv    | XOM: summons 2 friendly demons
 10553 | IceCv    | XOM: god gift: 19 gold pieces
 10555 | IceCv    | XOM: fake destruction
 10558 | IceCv    | XOM: blink monster(s)
 10562 | IceCv    | Reached skill level 15 in Unarmed Combat
 10571 | IceCv    | XOM: swap monsters
 10579 | IceCv    | XOM: divination: magic mapping
 10593 | IceCv    | XOM: harmless Fire miscast
 10594 | IceCv    | XOM: mild Ice miscast
 10655 | IceCv    | XOM: 2-stop teleportation journey
 10656 | IceCv    | Noticed a frost giant
 10701 | IceCv    | XOM: noise
 10703 | IceCv    | XOM: noise
 10833 | IceCv    | XOM: butterfly on damage
 10863 | IceCv    | XOM: enchant monster (good)
 11017 | IceCv    | XOM: potion effect (might)
 11023 | IceCv    | XOM: cast spell 'Alistair's Intoxication'
 11026 | IceCv    | XOM: divination: detect items
 11068 | IceCv    | XOM: noise
 11119 | IceCv    | XOM: harmless Ice miscast
 11133 | IceCv    | XOM: divination: magic mapping
 11210 | IceCv    | Reached XP level 12. HP: 107/107 MP: 15/15
 11212 | IceCv    | XOM: potion effect (berserk rage)
 11522 | IceCv    | XOM: stat loss: -1 Dex (12/13)
 11645 | IceCv    | Noticed filfer's ghost (novice FeMo)
 11648 | IceCv    | XOM: stat loss: -1 Dex (11/13)
 11649 | IceCv    | XOM: confuse monster(s)
 11657 | IceCv    | XOM: enchant monster (bad)
 11675 | IceCv    | XOM: butterfly on damage
 11678 | IceCv    | Killed from afar by a frost giant

Vault maps used:
D:1:      dpeg_arrival_water_fire, kennysheep_small_spiral, minmay_misc_feat_x,
          bh_walls_and_bars
D:2:      uniq_jessica
D:3:      corexii_shack_village, first_bread,
          nicolae_dithmenos_through_a_glass_darkly, uniq_iyjb
D:4:      bloody_trog, minivault_14
D:5:      serial_shops, shop, basic_altar
D:6:      serial_shops, shop_scrolls, kennysheep_generic_room_12, uniq_pikel
D:7:      temple_statues, lightli_orcish_oven
D:8:      serial_shops, shop, uniq_grum
D:9:      the_bakery
D:10:     dpeg_oklobed_lair, orc_0_dummy, st_stairs_12, minmay_misc_feat_five,
          uniq_maurice
D:12:     portal_ice_cave_entry_imps, uniq_azrael
IceCv:    ice_cave_small_giant

Skill      XL: |  1  2  3  4  5  6  7  8  9 10 11 |
---------------+----------------------------------+-----
Unarmed Combat | 4 5 6 8 9 11 12 13 15 | 15.4
Dodging        | 2 3 4 5 |  5.3
Transmutations | 2 3 4 |  4.4
Spellcasting   | 1 2 3 |  3.1
Hexes          | 1 2 3 |  3.6
Fighting       | 3 |  3.8

Action                   |  1- 3 |  4- 6 |  7- 9 | 10-12 || total
-------------------------+-------+-------+-------+-------++-------
Melee: Unarmed           |    89 |   176 |   303 |   435 ||  1003
       Punch             |       |     1 |    15 |    33 ||    49
       Headbutt          |       |       |    17 |    99 ||   116
       Kick              |       |       |    19 |    60 ||    79
Throw: Javelin           |       |       |     5 |     5 ||    10
       Large rock        |       |       |       |     3 ||     3
 Cast: Beastly Appendage |       |       |    13 |    27 ||    40
       Confusing Touch   |       |       |     5 |    31 ||    36
Evoke: Wand              |       |     3 |    11 |     8 ||    22
  Use: Scroll            |       |       |     9 |    11 ||    20
       Potion            |       |       |       |     5 ||     5
 Stab: Sleeping          |     1 |       |     1 |     1 ||     3
       Paralysed         |       |       |     6 |       ||     6
       Confused          |       |       |     2 |     9 ||    11
       Distracted        |       |       |     1 |     1 ||     2
  Eat: Chunk             |    17 |    15 |    38 |    43 ||   113
Armor: Robe              |    27 |    66 |    69 |   157 ||   319
Dodge: Dodged            |    41 |    83 |   134 |   196 ||   454
